 Dungeon Crawl Stone Soup version 0.27.1 (webtiles) character file.

Game seed: 6027300132765443598

69 Atelerd the Digger (level 4, -4/27 HPs)
             Began as an Octopode Earth Elementalist on Sept 1, 2021.
             Slain by an ice beast (13 damage)
             ... on level 3 of the Dungeon.
             The game lasted 00:01:42 (2127 turns).

Atelerd the Digger (Octopode Earth Elementalist)    Turns: 2127, Time: 00:01:43

Health: -4/27      AC:  1    Str:  7    XL:     4   Next: 20%
Magic:  11/17      EV: 13    Int: 18    God:
Gold:   60         SH:  0    Dex: 12    Spells: 7/8 levels left

rFire    . . .     SeeInvis .   k - +1 dagger (drain)
rCold    . . .     Faith    .   (no shield)
rNeg     . . .     Spirit   .   (helmet restricted)
rPois    .         Reflect  .   (no amulet)
rElec    .         Harm     .   g - ring of magical power
rCorr    .         Rampage  .   (no ring)
Will     .....                  (no ring)
Stlth    +++.......             (no ring)
HPRegen  0.09/turn              (no ring)
MPRegen  0.15/turn              (no ring)
                                (no ring)
                                (no ring)

@: no status effects
A: almost no armour, amphibious, 8 rings, camouflage 1, gelatinous body 1,
(nimble swimmer 1), tentacles
a: no special abilities


You were on level 3 of the Dungeon.
You visited 1 branch of the dungeon, and saw 3 of its levels.

You collected 60 gold pieces.

Inventory:

Hand Weapons
 a - a +0 dagger
 k - a +1 dagger of draining (weapon)
Missiles
 b - 40 stones
Jewellery
 g - a ring of magical power (left tentacle)
Scrolls
 d - 4 scrolls of identify {unknown}
 f - a scroll of teleportation {unknown}
 h - a scroll of enchant armour {unknown}
 i - a scroll of summoning {unknown}
 j - a scroll of amnesia {unknown}
 l - a scroll of fear {unknown}
 o - a scroll of enchant weapon {unknown}
Potions
 c - a potion of cancellation {unknown}
 e - a potion of ambrosia {unknown}
 m - a potion of might {unknown}
 n - a potion of lignification {unknown}


   Skills:
 - Level 2.0 Dodging
 - Level 2.6 Stealth
 + Level 2.8 Spellcasting
 + Level 2.3 Transmutations
 + Level 3.7 Earth Magic


You had 7 spell levels left.
You knew the following spells:

 Your Spells              Type           Power      Damage    Failure   Level
a - Sandblast             Erth           32%        2d9       3%          1

Your spell library contained the following spells:

 Spells                   Type           Power      Damage    Failure   Level
 Passwall                 Tmut/Erth      10%        N/A       8%          2
 Stone Arrow              Conj/Erth      18%        3d8       22%         3
 Petrify                  Tmut/Erth      13%        N/A       43%         4
 Borgnjor's Revivificati  Necr           1%         N/A       100%        8
 Necromutation            Tmut/Necr      3%         N/A       100%        8
 Death's Door             Necr           1%         N/A       100%        9


Dungeon Overview and Level Annotations

Branches:
Dungeon (3/15)

Altars:

Shops:
D:3 =


Innate Abilities, Weirdness & Mutations

You cannot wear most types of armour.
You are amphibious.
You can wear up to eight rings at the same time.
Your skin changes colour to match your surroundings (Stealth+).
Your rubbery body absorbs attacks. (AC +1, EV +1)
((You are camouflaged near water. (Stealth+)))
You have tentacles for arms and can constrict up to eight enemies at once.


Message History

The blast of sand hits the ice beast but does no damage.
Casting: Sandblast (safe; 3% risk of failure)
Confirm with . or Enter, or press ? or * to list all spells.
Aiming: Sandblast (safe; 3% risk of failure)
Press: ? - help, Shift-Dir - straight line, f/p - ice beast
Aim: an ice beast (79% to hit)
The blast of sand misses the ice beast.
Casting: Sandblast (safe; 3% risk of failure)
Confirm with . or Enter, or press ? or * to list all spells.
Aiming: Sandblast (safe; 3% risk of failure)
Press: ? - help, Shift-Dir - straight line, f/p - ice beast
Aim: an ice beast (79% to hit)
The blast of sand hits the ice beast.
The ice beast is lightly wounded.
The ice beast hits you. The ice beast freezes you.
Casting: Sandblast (safe; 3% risk of failure)
Confirm with . or Enter, or press ? or * to list all spells.
Aiming: Sandblast (safe; 3% risk of failure)
Press: ? - help, Shift-Dir - straight line, f/p - ice beast
Aim: an ice beast (lightly wounded, 79% to hit)
The blast of sand hits the ice beast.
The ice beast is lightly wounded.
The ice beast hits you. The ice beast freezes you!
Casting: Sandblast (safe; 3% risk of failure)
Confirm with . or Enter, or press ? or * to list all spells.
Aiming: Sandblast (safe; 3% risk of failure)
Press: ? - help, Shift-Dir - straight line, f/p - ice beast
Aim: an ice beast (lightly wounded, 79% to hit)
The blast of sand hits the ice beast.
The ice beast is moderately wounded.
The ice beast barely misses you.
Casting: Sandblast (safe; 3% risk of failure)
Confirm with . or Enter, or press ? or * to list all spells.
Aiming: Sandblast (safe; 3% risk of failure)
Press: ? - help, Shift-Dir - straight line, f/p - ice beast
Aim: an ice beast (moderately wounded, 79% to hit)
The blast of sand hits the ice beast.
The ice beast is moderately wounded.
The ice beast hits you. The ice beast freezes you!
You die...

########.# ..
..........
#.#####.##.....#
.....#.##.#...####
......#.........##...
## #.........<†......#
...##...#.........####
#......Y###....####
.#..#$.@# #....#
..#.....# #....#
#.#..!.###.#.##
.#....†..##.#.#
......#..##.#.#
#.?.#....##.#.####.
.#....##.##........
...................
#......##########.#


You could see an ice beast.

Vanquished Creatures
  2 adders (D:2)
  A worm (D:2)
  A dart slug (D:1)
  4 orcs (D:3)
  2 bats (D:2)
  3 endoplasms (D:1)
  3 giant cockroaches
  5 goblins
  3 hobgoblins
  2 jackals (D:2)
  6 ball pythons
  4 frilled lizards
  A kobold (D:3)
  6 rats
43 creatures vanquished.

Vanquished Creatures (others)
  A quokka (D:3)
1 creature vanquished.

Grand Total: 44 creatures vanquished

Notes
Turn   | Place    | Note
-------+----------+-------------------------------------------
     0 | D:1      | Atelerd the Octopode Earth Elementalist began the quest for
                  | the Orb.
     0 | D:1      | Reached XP level 1. HP: 11/11 MP: 3/3
   382 | D:1      | Reached XP level 2. HP: 17/17 MP: 5/5
  1196 | D:2      | Reached XP level 3. HP: 21/21 MP: 6/6
  1446 | D:2      | You fall into a shaft and drop 1 floor!
  1456 | D:3      | Found Zeqitir's Jewellery Shoppe.
  1720 | D:2      | Reached XP level 4. HP: 23/27 MP: 8/8
  2117 | D:3      | Noticed an ice beast
  2127 | D:3      | Slain by an ice beast

Illustrated notes

Levels and vault maps discovered:
D:1:      tarquinn_simple_flora_water_f, layout_loops_ring
D:2:      layout_rooms, minmay_tiny_reverse_x
D:3:      layout_loops_ring, elyvilon_altar_4,
          hellmonk_ecumenical_altar_blasted, serial_shops, shop,
          chequers_serial_rivers_large_a

Skill      XL: |  1  2  3 |
---------------+----------+-----
Transmutations | 2 |  2.3
Dodging        | |  2.0
Stealth        | |  2.6
Spellcasting   | |  2.8
Earth Magic    | |  3.7

Action                   |  1- 3 |  4- 6 || total
-------------------------+-------+-------++-------
Melee: Dagger            |    54 |    10 ||    64
       Tentacles         |     9 |     1 ||    10
       Constrict         |     9 |     1 ||    10
       Unarmed           |     2 |       ||     2
 Cast: Sandblast         |    21 |     6 ||    27
 Stab: Sleeping          |     7 |     2 ||     9
Armor: Skin              |     3 |     2 ||     5
Dodge: Dodged            |    34 |     5 ||    39
